 Seeded DCSS version 0.27.1-35-g4d5d836560 (webtiles) character file.

Game seed: 16635345175 (custom seed)

10 xaos the Firebug (level 2, -9/19 HPs)
             Began as a Human Fire Elementalist on Mar 27, 2022.
             Mangled by a gnoll (18 damage)
             ... on level 1 of the Dungeon.
             The game lasted 00:05:40 (708 turns).

xaos the Firebug (Human Fire Elementalist)           Turns: 708, Time: 00:05:40

Health: -9/19      AC:  2    Str:  8    XL:     2   Next: 30%
Magic:  3/5        EV: 12    Int: 15    God:
Gold:   23         SH:  0    Dex: 13    Spells: 4/5 levels left

rFire    . . .     SeeInvis .   c - +0 dagger
rCold    . . .     Faith    .   (no shield)
rNeg     . . .     Spirit   .   a - +0 robe
rPois    .         Reflect  .   (no helmet)
rElec    .         Harm     .   (no cloak)
rCorr    .         Rampage  .   (no gloves)
Will     .....                  (no boots)
Stlth    ++........             (no amulet)
HPRegen  0.06/turn              (no ring)
MPRegen  0.09/turn              (no ring)

@: no status effects
A: no striking features
a: no special abilities


You were on level 1 of the Dungeon.
You visited 1 branch of the dungeon, and saw 1 of its levels.

You collected 23 gold pieces.

Inventory:

Hand Weapons
 c - a +0 dagger (weapon)
Armour
 a - a +0 robe (worn)
 e - a +0 scale mail
Scrolls
 d - a scroll of teleportation {unknown}
Potions
 b - a potion of brilliance {unknown}


   Skills:
 + Level 2.1 Dodging
 + Level 2.0 Stealth
 + Level 0.2 Unarmed Combat
 + Level 2.0 Spellcasting
 + Level 1.1 Conjurations
 + Level 3.4 Fire Magic


You had 4 spell levels left.
You knew the following spells:

 Your Spells              Type           Power      Damage    Failure   Level
a - Foxfire               Conj/Fire      32%        2x1d5     9%          1

Your spell library contained the following spells:

 Spells                   Type           Power      Damage    Failure   Level
 Conjure Flame            Conj/Fire      8%         6-21      26%         3
 Inner Flame              Hex/Fire       6%         N/A       32%         3
 Sticky Flame             Conj/Fire      8%         2d3       65%         4
 Fireball                 Conj/Fire      4%         3d4       94%         5


Dungeon Overview and Level Annotations

Branches:
Dungeon (1/15)

Altars:


Message History

You hit the rat.
You kill the rat!
You start resting.
HP restored.
Found a scale mail.
You see here a +0 scale mail.
e - a +0 scale mail You start removing your armour.
You continue taking off your +0 robe. x4
You finish taking off your +0 robe.
You start putting on your armour.
You continue putting on your +0 scale mail. x5
You finish putting on your +0 scale mail.
Sorry, you're not good enough to have a special ability.
Okay, then.
You start removing your armour.
You continue taking off your +0 scale mail. x4
You finish taking off your +0 scale mail.
You start putting on your armour.
You continue putting on your +0 robe. x5
You finish putting on your +0 robe.
Found a stone staircase leading down.
A gnoll comes into view.
It is wielding a +0 whip of electrocution.
The gnoll shouts!
The gnoll hits you with a +0 whip of electrocution!
Casting: Foxfire (safe; 9% risk of failure)
Press: ? - help, Q - select action Dir - look around, f - activate Look: a gnoll, wielding a +0 whip of electrocution You conjure some foxfire!
The gnoll closely misses you.
Your foxfire dissipates!
Casting: Foxfire (safe; 9% risk of failure)
Press: ? - help, Q - select action Dir - look around, f - activate Look: a gnoll, wielding a +0 whip of electrocution You conjure some foxfire!
The gnoll misses you.
You hit the gnoll.
The gnoll is lightly wounded.
The gnoll hits you with a +0 whip of electrocution.
You are electrocuted!!
Ouch! That really hurt!
You die...

#.######.......#
#.#
#......#.#######
#. #.######.# ..
#........# ##.#
#.######### ###.
#>......... ...
#...#..####
######.# ###v#
.# ........ #@#
# #...... #g#
#...... #.#
#...... #.#
#####.. #.#
..... #.# ......
#.# #...... #.#
....... #..
.......


You could see a gnoll (ally target).

Vanquished Creatures
  A dart slug (D:1)
  2 goblins (D:1)
  A hobgoblin (D:1)
  A ball python (D:1)
  4 rats (D:1)
9 creatures vanquished.

Vanquished Creatures (others)
  15 foxfires (D:1)
15 creatures vanquished.

Grand Total: 24 creatures vanquished

Notes
Turn   | Place    | Note
-------+----------+-------------------------------------------
     0 | D:1      | xaos the Human Fire Elementalist began the quest for the
                  | Orb.
     0 | D:1      | Reached XP level 1. HP: 13/13 MP: 3/3
    71 | D:1      | Reached XP level 2. HP: 7/19 MP: 0/5
   708 | D:1      | Mangled by a gnoll

Illustrated notes

Levels and vault maps discovered:
D:1:      nicolae_arrival_memento_mori, layout_basic,
          ebering_ecumenical_altar_abandoned

Action                   || total
-------------------------++-------
Melee: Unarmed           ||     5
       Dagger            ||    12
Throw: Throwing net      ||     1
 Cast: Foxfire           ||    11
Armor: Robe              ||     6
Dodge: Dodged            ||    13
